Map: Ancient Cistern LE

Players

Dystopia - Winner!

  • Race: Protoss Protoss
  • League: Master
  • Spawn Location: 7:00

Terxel

  • Race: Terran Terran
  • League: Master
  • Spawn Location: 1:00

VOD

Have the link to the VOD?

Description

Time

  • Played on: April 5, 2023, 1:10 p.m.
  • Length: 13:50
Show
View Real Time Build Order
Export as new Build Order

Dystopia Protoss - Winner!

Build Orders: 1 Gate Expand, Blink Stalkers, Colossus Rush 

Get SALT Encoding   

  12  0:01  Probe  
  13  0:13  Probe  
  14  0:20  Pylon  
  14  0:25  Probe  
  15  0:38  Probe (Chrono Boost)  
  15  0:40  Gateway  
  16  0:48  Probe (Chrono Boost), Assimilator  
  17  0:53  Probe (Chrono Boost)  
  18  1:04  Probe  
  19  1:16  Probe  
  20  1:29  Cybernetics Core  
  20  1:35  Nexus  
  20  1:42  Pylon  
  20  1:44  Probe  
  21  1:50  Assimilator  
  21  1:57  Probe  
  22  2:04  Adept (Chrono Boost)  
  22  2:08  Warp Gate  
  24  2:12  Probe  
  24  2:24  Probe  
  24  2:27  Stalker  
  27  2:40  Twilight Council  
  27  2:43  Probe (Chrono Boost)  
  28  2:48  Probe (Chrono Boost)  
  29  2:55  Probe (Chrono Boost)  
  29  2:57  Probe (Chrono Boost)  
  31  3:09  Probe x2  
  33  3:14  Blink (Chrono Boost)  
  33  3:17  Stalker  
  35  3:21  Probe  
  35  3:22  Probe  
  37  3:30  Gateway  
  37  3:32  Gateway  
  37  3:35  Robotics Facility  
  37  3:36  Probe  
  37  3:40  Probe  
  39  3:48  Probe  
  40  3:53  Pylon  
  39  3:55  Probe  
  39  4:00  Probe  
  40  4:02  Stalker  
  40  4:07  Probe  
  43  4:11  Shield Battery  
  43  4:13  Probe  
  44  4:20  Probe  
  44  4:22  Observer  
  46  4:25  Probe, Stalker x2  
  51  4:32  Probe  
  51  4:37  Probe  
  52  4:44  Probe, Robotics Bay  
  51  4:55  Probe  
  51  4:56  Probe  
  52  5:07  Nexus, Stalker  
  52  5:12  Pylon  
  54  5:14  Assimilator  
  54  5:18  Forge  
  54  5:19  Assimilator, Pylon  
  54  5:21  Pylon  
  54  5:32  Colossus (Chrono Boost)  
  54  5:35  Charge (Chrono Boost)  
  60  5:38  Probe x2  
  60  5:42  Zealot x3  
  68  5:45  Extended Thermal Lance  
  68  5:46  Shield Battery  
  68  5:49  Gateway  
  68  5:50  Gateway  
  68  5:58  Gateway  
  68  6:01  Gateway  
  68  6:03  Probe  
  68  6:04  Probe  
  70  6:07  Protoss Ground Weapons Level 1  
  70  6:17  Observer  
  70  6:23  Probe x3  
  70  6:24  Colossus (Chrono Boost)  
  79  6:34  Pylon  
  79  6:35  Probe, Pylon  
  79  6:36  Probe x2  
  82  6:47  Probe, Photon Cannon x2  
  82  6:53  Probe, Photon Cannon  
  85  6:54  Probe  
  85  6:58  Sentry  
  85  6:59  Probe, Sentry  
  89  7:03  Zealot  
  89  7:05  Pylon  
  91  7:14  Gateway  
  91  7:22  Colossus  
  96  7:34  Zealot x4  
  100  7:41  Zealot x3  
  82  7:56  Zealot x4  
  88  8:00  Probe x2  
  88  8:01  Probe  
  91  8:07  Stalker  
  91  8:09  Stalker x3  
  100  8:12  Probe  
  100  8:13  Probe  
  100  8:14  Probe  
  100  8:15  Templar Archives  
  102  8:21  Warp Prism  
  102  8:24  Probe  
  102  8:25  Probe, Zealot x2  
  102  8:26  Zealot  
  97  8:42  Zealot x2  
  97  8:43  Zealot x3  
  105  8:49  Probe x3  
  108  8:58  Assimilator  
  108  9:02  High Templar x2, Assimilator  
  112  9:03  Zealot x2  
  112  9:07  Pylon x2  
  112  9:08  Archon  
  116  9:12  Shield Battery  
  116  9:13  Nexus  
  116  9:29  Zealot x2  
  116  9:30  Zealot x4  
  112  9:40  Pylon  
  106  9:46  Pylon x2  
  106  9:49  Pylon  
  102  9:54  Zealot x5  
  102  9:55  Zealot  
  102  9:59  Probe  
  116  10:00  Probe  
  116  10:05  Gateway, Protoss Ground Armor Level 1 (Chrono Boost)  
  116  10:15  Photon Cannon  
  116  10:16  High Templar  
  116  10:17  High Templar x2  
  116  10:18  High Templar  
  124  10:26  Probe  
  125  10:28  Probe  
  125  10:29  Probe x2  
  125  10:31  Warp Prism (Chrono Boost), Archon  
  125  10:32  Archon  
  130  10:38  Probe  
  126  10:50  Zealot x4  
  126  10:51  Zealot  
  104  11:05  Zealot x4  
  106  11:12  Stalker x3  
  106  11:13  Probe x3  
  111  11:22  Zealot x2  
  115  11:30  Zealot x4  
  105  11:42  Zealot  
  105  11:43  Zealot x4  
  107  11:59  Zealot x4  
  115  12:07  Probe x2  
  115  12:08  Probe x2  
  113  12:12  Zealot x5  
  123  12:19  Probe  
  110  12:36  Colossus (Chrono Boost), High Templar x6  
  100  12:41  Robotics Facility  
  100  12:43  Archon x2  
  100  12:44  Archon  
  100  12:46  Probe  
  100  12:47  Probe x3  
  100  12:48  Stalker x3  
  108  12:57  Pylon  
  96  13:03  Dark Shrine  
  98  13:11  Zealot x7  
  110  13:12  Zealot  
  118  13:31  High Templar x5  
  118  13:32  Stalker x2  
  118  13:33  Stalker  
  134  13:35  Archon x2  
  134  13:38  High Templar  
  136  13:42  Archon  
Show
View Real Time Build Order
Export as new Build Order

Terxel Terran 

Build Orders: Reaper Expand 

Get SALT Encoding   

  12  0:00  SCV  
  13  0:12  SCV  
  14  0:17  Supply Depot  
  14  0:24  SCV  
  15  0:38  SCV  
  15  0:41  Barracks  
  16  0:45  Refinery  
  16  0:50  SCV  
  17  1:02  SCV  
  18  1:15  SCV  
  19  1:29  Reaper, Orbital Command  
  20  1:41  Command Center  
  20  1:56  SCV  
  20  1:58  Supply Depot  
  20  2:00  Marine  
  22  2:08  SCV  
  22  2:12  Factory  
  23  2:16  Refinery  
  23  2:20  SCV  
  24  2:23  Barracks Reactor  
  24  2:32  SCV  
  25  2:44  SCV  
  26  2:55  Widow Mine  
  26  2:57  SCV  
  29  2:58  Starport  
  29  3:02  Marine x2, Orbital Command  
  31  3:09  Supply Depot, SCV  
  32  3:16  Widow Mine  
  32  3:17  Bunker  
  34  3:21  Marine, SCV  
  34  3:23  Marine  
  37  3:28  SCV  
  37  3:33  SCV  
  39  3:39  Medivac  
  41  3:44  Supply Depot  
  41  3:48  SCV  
  41  3:49  SCV  
  41  3:52  Marine  
  41  3:53  Marine, Factory Tech Lab  
  45  4:00  SCV  
  46  4:08  Engineering Bay  
  46  4:09  SCV  
  47  4:10  Barracks  
  47  4:11  Barracks  
  47  4:13  Starport Tech Lab  
  47  4:18  Marine, Siege Tank  
  47  4:19  Marine  
  47  4:22  SCV  
  54  4:24  SCV  
  54  4:27  Refinery  
  54  4:32  Supply Depot  
  54  4:35  SCV  
  54  4:36  Terran Infantry Weapons Level 1  
  54  4:38  SCV  
  56  4:44  Supply Depot  
  56  4:48  SCV  
  56  4:49  Marine x2  
  57  4:55  SCV, Raven  
  58  5:02  SCV  
  58  5:03  Supply Depot  
  59  5:11  SCV  
  59  5:12  Marine x2  
  59  5:13  Stimpack  
  59  5:14  SCV, Marauder, Refinery  
  62  5:15  Factory Reactor  
  63  5:23  SCV  
  63  5:26  SCV  
  65  5:29  Marine  
  65  5:30  Marine  
  65  5:33  Combat Shield  
  65  5:34  Marauder  
  65  5:35  Marauder  
  71  5:36  SCV  
  71  5:37  Starport Reactor  
  71  5:41  Supply Depot  
  72  5:47  Marine  
  72  5:48  Marine  
  72  5:49  Barracks  
  74  5:51  Barracks  
  74  5:54  Widow Mine  
  74  5:56  Marine, Widow Mine, Marauder  
  81  6:03  Supply Depot  
  81  6:04  Supply Depot  
  81  6:05  Marine x2  
  83  6:14  Marauder  
  83  6:16  Medivac  
  83  6:17  Marauder  
  89  6:19  Medivac  
  89  6:23  Marine x2  
  89  6:25  Widow Mine x2  
  97  6:30  Supply Depot  
  97  6:35  Marine, Terran Infantry Armor Level 1  
  97  6:37  Barracks Tech Lab  
  97  6:38  Marine  
  97  6:39  Barracks Reactor  
  99  6:41  Marine x2  
  101  6:47  Supply Depot, Widow Mine  
  101  6:52  Supply Depot  
  101  6:53  Marauder, Concussive Shells  
  105  6:56  Marine  
  105  6:59  Marine x3  
  109  7:06  Supply Depot  
  109  7:07  Supply Depot, Medivac x2  
  113  7:14  Marine x2  
  115  7:16  Marine, Widow Mine  
  115  7:17  Marine, Widow Mine  
  115  7:18  Marauder  
  115  7:21  Supply Depot, Marine  
  124  7:22  Marine  
  125  7:31  Marine  
  125  7:32  Marine  
  125  7:34  Marine  
  125  7:36  Marine  
  122  7:39  Marine x2  
  122  7:40  Widow Mine x2  
  113  7:48  Marine  
  113  7:50  Marauder  
  107  7:51  SCV  
  107  7:52  Marine x2  
  107  7:53  Viking x2  
  107  7:54  Marine  
  107  7:56  Marine  
  106  8:01  Marine  
  106  8:03  Widow Mine  
  106  8:05  Widow Mine  
  108  8:06  Marine  
  108  8:10  Marine, Marauder  
  108  8:11  Marine  
  108  8:12  Marine  
  114  8:14  Marine  
  114  8:19  Marine  
  107  8:24  Marine  
  109  8:28  Marine x2  
  109  8:30  Marine  
  109  8:31  Marine  
  109  8:32  Marine  
  110  8:37  Marine  
  101  8:42  Marine, Viking  
  101  8:45  Marine  
  101  8:46  Marine  
  101  8:47  Marine  
  107  8:49  Marine  
  107  8:50  Marine  
  112  8:55  Widow Mine x2  
  112  8:56  Marauder  
  112  9:00  Marine  
  113  9:03  Marine, Viking  
  113  9:05  Marine, Marauder  
  113  9:06  Marine  
  113  9:08  Marine  
  123  9:17  Marine, Marauder  
  123  9:21  Marine  
  123  9:23  Marine  
  125  9:25  Marauder  
  125  9:28  Marine  
  125  9:29  Marine  
  124  9:35  Marine, Medivac  
  109  9:38  Marauder  
  109  9:39  Marine  
  109  9:42  Viking  
  111  9:46  Marauder  
  106  9:58  Marauder  
  106  9:59  Marine  
  111  10:00  Marauder  
  111  10:05  Viking  
  113  10:08  Widow Mine x2  
  113  10:09  Marauder  
  113  10:10  Marine  
  113  10:12  Medivac  
  113  10:13  Marine x2  
  124  10:18  Marine  
  124  10:20  Marauder  
  127  10:24  Marine  
  127  10:28  Marine  
  128  10:29  Marine  
  128  10:31  Marine x2  
  128  10:35  Medivac  
  134  10:36  Marine  
  134  10:40  Marine  
  134  10:42  Marine  
  137  10:48  Marine, Marauder  
  137  10:49  Marine  
  141  10:53  Marine  
  141  10:54  Marine  
  126  10:59  Marine, Marauder  
  106  11:06  Marine x2  
  106  11:07  Widow Mine  
  106  11:09  Marauder  
  106  11:11  Marine  
  90  11:20  Marine  
  90  11:21  Marine, Marauder  
  92  11:25  Marine x2  
  92  11:31  Marauder  
  93  11:35  Marine  
  93  11:38  Marine  
  93  11:39  Marauder  
  87  11:42  Marine  
  87  11:43  Marine x2  
  85  11:51  Marine  
  85  11:52  Marine  
  81  11:56  Marine  
  82  12:02  Marine x2  
  82  12:03  Marauder  
  70  12:08  Marine  
  70  12:09  Marine  
  70  12:10  Marine  
  70  12:16  Marine  
  70  12:19  Orbital Command  
  70  12:20  Marine x2  
  50  12:24  Marauder  
  50  12:26  Marine  
  50  12:27  Marine  
  50  12:29  Marine  
  39  12:34  Marine  
  36  12:39  Marine  
  36  12:47  Widow Mine  
  34  12:52  Marine  
  32  13:05  Marine  
  33  13:15  Widow Mine  
  33  13:19  Medivac  
  37  13:25  Marine  
  37  13:26  Marine  
Tags
 
Add a new tag
Caveats
  • Supply blocks, unpowered buildings, or Contaminate may cause inaccurate times.
  • Supply counts are checked every 10 seconds.